 Dungeon Crawl Stone Soup version 0.31-a0-1327-g8c40ea976f (webtiles) character file.

Game seed: 1023944072950770228

222656 Nuninul the Metamorph (level 18, -5/109 HPs)
             Began as a Felid Conjurer on Dec 18, 2023.
             Was a High Priest of Sif Muna.
             Killed from afar by a manticore (18 damage)
             ... with a volley of spikes
             ... on level 3 of the Shoals on Dec 21, 2023.
             The game lasted 07:38:39 (52027 turns).

Nuninul the Metamorph (Felid Conjurer)             Turns: 52027, Time: 07:38:39

Health: -5/109     AC: 27    Str:  3    XL:     18   Next: 54%
Magic:  2/36       EV: 20    Int: 29    God:    Sif Muna [*****.]
Gold:   1268       SH:  0    Dex: 16    Spells: 3/43 levels left
                                        Lives:  0   Deaths: 6

rFire   . . .        (weapon unavailable)
rCold   . . .        (shield unavailable)
rNeg    + . .        (body armour unavailable)
rPois   ∞            (helmet unavailable)
rElec   +            (cloak unavailable)
rCorr   .            (gloves unavailable)
SInv    +            (boots unavailable)
Will    +++..        b - amulet of the acrobat
Stlth   ++           u - ring of flight
HPRegen 0.38/turn    r - ring of willpower
MPRegen 0.25/turn

%: acrobat
@: statue-form, spiked, flying, very slow
A: slow and powerful, torment resistance 1, boosted hp, very small, claws 1,
fangs 3, see invisible, (shaggy fur 3), stealthy paws, no weapons or thrown
items, no armour, multi-lived
}: 1/15 runes: serpentine
a: Begin Untransformation, Renounce Religion, Channel Magic, Forget Spell,
Divine Exegesis


You were on level 3 of the Shoals.
You worshipped Sif Muna.
Sif Muna was extremely pleased with you.
You were a living statue of rough stone.
You visited 6 branches of the dungeon, and saw 30 of its levels.

You collected 2847 gold pieces.
You spent 1579 gold pieces at shops.

Inventory:

Jewellery
 b - an amulet of the acrobat (around neck)
 c - a +6 ring of intelligence
 f - a ring of protection from fire
 g - a ring of ice
 h - a ring of protection from cold
 i - a +6 ring of intelligence
 j - a +6 ring of strength
 p - a ring of positive energy
 r - a ring of willpower (right paw)
 s - a ring of magical power {!R!T!w}
 u - a ring of flight (left paw)
 w - a ring of resist corrosion
Talismans
 a - a granite talisman (active)
Wands
 e - a wand of iceblast (17) {@v2}
 q - a wand of polymorph (27) {@v6}
 v - a wand of flame (34) {@v1}
 D - a wand of mindburst (4) {@v4}
 Y - a wand of charming (38) {@v5}
Scrolls
 k - 7 scrolls of immolation
 m - a scroll of amnesia
 o - 5 scrolls of noise
 y - 3 scrolls of identify
 H - 5 scrolls of torment
 J - 3 scrolls of fear
 K - 2 scrolls of blinking
 L - 3 scrolls of vulnerability
 M - 3 scrolls of revelation
 N - 4 scrolls of teleportation
 O - a scroll of fog
 P - 3 scrolls of poison
 U - a scroll of butterflies
Potions
 l - 2 potions of enlightenment
 n - 3 potions of attraction
 t - 2 potions of lignification
 x - 3 potions of might
 z - 4 potions of mutation
 A - 2 potions of ambrosia
 B - 5 potions of brilliance
 C - 10 potions of curing
 E - a potion of berserk rage {!q}
 G - 2 potions of magic
 Q - 4 potions of haste
 R - 2 potions of resistance {rElec rC+ rF+ rCorr rPois}
 T - a potion of invisibility {unknown}
 W - 2 potions of heal wounds
 X - a potion of cancellation
Miscellaneous
 F - a lightning rod (4/4)
 S - a sack of spiders


   Skills:
 - Level 4.8 Fighting
 - Level 5.7 Dodging
 - Level 2.6 Stealth
 - Level 13.0 Spellcasting
 - Level 10.0 Conjurations
 - Level 10.0 Hexes
 - Level 3.0 Necromancy
 - Level 10.0 Translocations
 - Level 16.0 Earth Magic
 - Level 3.0 Alchemy
 + Level 10.8 Invocations
 - Level 3.0 Evocations
 - Level 16.0 Shapeshifting


You had 3 spell levels left.
You knew the following spells:

 Your Spells              Type           Power      Damage    Failure   Level
a - Sting                 Conj/Alch      100%       1d9       1%          1
b - Blink                 Tloc           100%       N/A       1%          2
d - Passwall              Alch/Erth      54%        N/A       1%          2
f - Brom's Barrelling Bo  Conj/Erth      76%        2d9       1%          4
k - Iskenderun's Battles  Conj           67%        2d12      1%          5
s - Stone Arrow           Conj/Erth      100%       3d13      1%          3
w - Iskenderun's Mystic   Conj/Tloc      67%        2d14      1%          4
A - Tukima's Dance        Hex            67%        N/A       1%          3
H - Magic Dart            Conj           100%       1d8       1%          1
J - Fulminant Prism       Conj/Alch      27%        3d14      1%          4
K - Borgnjor's Vile Clut  Necr/Erth      32%        N/A       1%          5
L - Bombard               Conj/Erth      38%        9d7       1%          6

Your spell library contained the following spells:

 Spells                   Type           Power      Damage    Failure   Level
 Sandblast                Erth           100%       2d20      0%          1
 Foxfire                  Conj/Fire      100%       2x1d9     1%          1
 Necrotise                Necr           100%       1d9       1%          1
 Slow                     Hex            100%       N/A       1%          1
 Cigotuvi's Dreadful Rot  Necr/Alch/Air  60%        N/A       1%          2
 Ensorcelled Hibernation  Hex/Ice        94%        N/A       1%          2
 Lesser Beckoning         Tloc           100%       N/A       1%          2
 Momentum Strike          Conj/Tloc      100%       3d10      1%          2
 Searing Ray              Conj           100%       2d8       1%          2
 Confusing Touch          Hex            67%        N/A       1%          3
 Dazzling Flash           Conj/Hex       100%       N/A       1%          3
 Sigil of Binding         Hex            67%        N/A       1%          3
 Volatile Blastmotes      Fire/Tloc      94%        2d17      1%          3
 Freeze                   Ice            72%        1d8       2%          1
 Mercury Vapours          Alch/Air       54%        N/A       2%          2
 Vampiric Draining        Necr           36%        2d8       2%          3
 Ozocubu's Armour         Ice            18%        N/A       9%          3
 Anguish                  Hex/Necr       27%        N/A       1%          4
 Petrify                  Alch/Erth      65%        N/A       1%          4
 Vhi's Electric Charge    Tloc/Air       94%        N/A       3%          4
 Irradiate                Conj/Alch      27%        3d20      5%          5
 Animate Dead             Necr           36%        N/A       8%          4
 Olgreb's Toxic Radiance  Alch           36%        N/A       8%          4
 Arcjolt                  Conj/Air       23%        1d33      10%         5
 Metabolic Englaciation   Hex/Ice        23%        N/A       10%         5
 Silence                  Hex/Air        23%        N/A       10%         5
 Summon Mana Viper        Hex/Summ       47%        N/A       10%         5
 Ignite Poison            Fire/Alch      27%        N/A       14%         4
 Freezing Cloud           Conj/Ice/Air   19%        6-21      21%         5
 Agony                    Necr           36%        N/A       22%         5
 Enfeeble                 Hex            33%        N/A       36%         7
 Lehudib's Crystal Spear  Conj/Erth      38%        10d9      65%         8
 Simulacrum               Ice/Necr       13%        N/A       92%         6
 Spellforged Servitor     Conj/Summ      23%        N/A       96%         7
 Ozocubu's Refrigeration  Ice            9%         4d9       100%        7
 Borgnjor's Revivificati  Necr           18%        N/A       100%        8
 Maxwell's Capacitive Co  Air            9%         ∞         100%        8
 Polar Vortex             Ice            9%         12d1*     100%        9
 Animate Armour           Summ/Erth      Unusable   N/A       N/A         4
 Dimensional Bullseye     Hex/Tloc       Unusable   N/A       N/A         4

Dungeon Overview and Level Annotations

Branches:
Dungeon (15/15)            Temple (1/1) D:5            Lair (5/5) D:8
 Shoals (3/4) Lair:2        Snake (4/4) Lair:2        Slime (0/5) Lair:5
    Orc (2/2) D:9             Elf (0/3) Orc:2        Vaults (0/5) D:13
 Depths (0/4) D:15

Altars:
Ashenzari
Cheibriados
Dithmenos
Elyvilon
Fedhas
Gozag
Hepliaklqana
Kikubaaqudgha
Makhleb
Nemelex Xobeh
Okawaru
Qazlal
Ru
Sif Muna
Trog
Uskayaw
Vehumet
Wu Jian
Xom
Yredelemnul
Zin
The Shining One

Shops:
D:3 [   D:7 *   D:9 (   D:11 [   D:12 :!=[[   D:13 =   Orc:1 !?   Orc:2 [*(!=
Snake:1 (   Snake:3 *??*

Annotations:
Shoals:4 !
Snake:2 Vashnia


Innate Abilities, Weirdness & Mutations

You are a living statue of rough stone.
Your actions are slow, but your melee attacks are powerful.
You are resistant to unholy torment.
Your maximum health is greatly increased.
You are immune to poison.
You have sharp claws.
You have razor-sharp teeth.
You have supernaturally acute eyesight. (SInv)
((Your thick and shaggy fur keeps you warm. (AC +3, rC+)))
Your paws help you pounce on unaware monsters.
You are incapable of wielding weapons or throwing items.
You cannot wear armour.
You gain extra lives every three experience levels.


Message History

The barrage of energy hits the manticore!
The manticore is almost dead.
The manticore barely misses you. The manticore closely misses you.
The manticore barely misses you.
The manticore bites you but does no damage.
The manticore claws you but does no damage. x2
Casting: Magic Dart (safe; 1% risk of failure)
Press: ? - help, Shift-Dir - straight line, f/p - manticore
Aim: a manticore (almost dead, ally target, 100% to hit)
The magic dart hits the manticore but does no damage.
The manticore is almost dead.
The barrage of energy hits the manticore!
You kill the manticore!
Sif Muna accepts your kill.
Your battlesphere expends the last of its energy and dissipates.
No danger in sight...
A satyr comes into view. It is wielding a +0 spear.
A satyr, wielding a +0 spear 1 The sentinel's mark upon you fades away.
The satyr unwields a +0 spear.
The satyr wields a +0 longbow.
The satyr shoots an arrow.
The arrow completely misses you.
A water nymph comes into view.
The water nymph casts a spell at you. The water rises up and strikes you.
A water nymph (water) 1 The satyr shoots an arrow.
The arrow misses you.
The satyr shoots an arrow.
The arrow hits you!
Press: ? - help, Shift-Dir - straight line, f - satyr
Aim: a satyr, wielding a +0 longbow (100% to hit)
Zombie hands grab the satyr.
The zombie hands constrict the satyr.
The satyr shoots an arrow.
The arrow hits you!
Press: ? - help, Shift-Dir - straight line, f/p - satyr
Aim: a satyr, wielding a +0 longbow (lightly wounded, constricted by zombie hands, 100% to hit)
The iron shot hits the satyr!!
The satyr is heavily wounded.
The zombie hands constrict the satyr!
The satyr shoots an arrow.
The arrow hits you!
The water nymph gestures at you while chanting.
The water rises up and strikes you.
A manticore comes into view.
The satyr shoots an arrow.
The arrow hits you!
* * * LOW HITPOINT WARNING * * *
A manticore (wandering, hasn't noticed you) 1 The zombie hands lose their grip on something.
You feel less invigorated.
The water nymph flows with the water.
Press: ? - help, Shift-Dir - straight line, f/p - satyr
Aim: a satyr, wielding a +0 longbow (severely wounded, 70% to hit)
The iron shot hits the satyr!!!
You kill the satyr!
Sif Muna accepts your kill. The blast sends you backwards.
Unknown command.
Press: ? - help, Shift-Dir - straight line, f - water nymph
Aim: a water nymph (67% to hit)
The iron shot hits the water nymph!!!
The water nymph is almost dead.
The manticore bites you!
* * * LOW HITPOINT WARNING * * *
The manticore misses you. The manticore closely misses you. x2
The manticore misses you. The manticore closely misses you.
The water nymph gestures at you while chanting.
The water rises up and strikes you!
* * * LOW HITPOINT WARNING * * *
Unknown command.
You erupt in a blast of force!
The mystic blast hits the water nymph!!
You kill the water nymph!
Sif Muna accepts your kill.
You see here Sif Muna's Catalogue of Variable Austromancy {god gift}.
Sif Muna grants you a gift!
The mystic blast hits the manticore!
The manticore is moderately wounded.
The manticore is knocked back by the mystic blast.
You feel better. The manticore bites you!
* * * LOW HITPOINT WARNING * * *
The manticore claws you but does no damage. x2
You erupt in a blast of force!
The mystic blast hits the manticore!
The manticore is heavily wounded.
The manticore closely misses you. The manticore barely misses you.
The manticore completely misses you. The manticore closely misses you.
The manticore claws you.
* * * LOW HITPOINT WARNING * * *
The manticore misses you.
You feel much better. The manticore bites you.
* * * LOW HITPOINT WARNING * * *
The manticore misses you.
The manticore claws you but does no damage.
Press: ? - help, Shift-Dir - straight line, f - manticore
Aim: a manticore (moderately wounded, 85% to hit)
The iron shot hits the manticore!!
The manticore is almost dead.
The blast sends you backwards.
The manticore flicks its tail.
The volley of spikes skewers you!
The barbed spikes become lodged in your body.
* * * LOW HITPOINT WARNING * * *
The manticore flicks its tail.
The volley of spikes skewers you!!
The barbed spikes become lodged in your body.
You die...

~≈≈≈≈m≈≈≈~~....~~~~~~~~
~≈≈≈~~~~~~~~.~[~~~≈≈~~~
≈≈≈~...)~~~~~~~~~~≈≈≈≈~
≈≈≈..###.~~~~~~~~≈≈≈≈≈~
≈≈~. #.~~~~~~≈≈≈≈≈~.. ~
≈≈~ ##~~†≈≈≈≈≈≈≈≈... ~~
#H~~≈≈≈≈≈≈≈~~. ~~~
##:~~≈≈≈≈≈≈≈≈~ ~~~~
#.8)~≈≈≈≈≈≈≈≈ ~~~~.
##.~†~≈≈≈≈≈≈≈
~~~~~.###..~~~≈≈≈≈≈≈≈
~~~~~~~.).~~~≈≈≈≈≈≈≈≈
~~~~~~~~~~~~~≈≈≈≈≈≈≈≈
~~~~~~~~~~~~≈≈≈≈≈≈≈≈≈
~~~≈≈≈≈~~~≈≈≈≈≈≈≈≈≈≈
~~~≈≈≈≈≈≈≈≈≈≈≈≈≈≈≈≈
≈≈≈≈≈≈≈≈≈≈≈≈≈≈≈≈≈≈


You could see a manticore.

Vanquished Creatures
  Mlioglotl (Shoals:1)
  A sphinx (D:13)
  Frances (Lair:2)
  16 nagarajas
  Donald (Snake:3)
  2 orc warlords (Orc:2)
  Snorg (Orc:1)
  2 merfolk impalers
  A fire dragon (D:15)
  An entropy weaver (shapeshifter) (D:14)
  A rakshasa (D:15)
  7 hydras
  4 boulder beetles
  3 salamander tyrants
  5 catoblepae
  6 two-headed ogres
  2 centaur warriors (D:13)
  A merfolk aquamancer (Shoals:2)
  10 anacondas
  A merfolk avatar (Shoals:2)
  17 death yaks
  2 tengu warriors (D:15)
  3 satyrs
  4 orc high priests
  22 naga sharpshooters
  17 naga warriors
  10 shock serpents
  A deep elf knight (D:13)
  Sonja (Orc:1)
  3 skeletal warriors (D:15)
  2 salamander mystics (Snake:4)
  4 skysharks
  7 sea snakes
  7 naga ritualists
  9 harpies (Shoals:1)
  6 deep elf pyromancers
  A deep elf zephyrmancer (D:13)
  11 orc knights
  A wolf spider (D:12)
  2 necromancers
  11 mana vipers
  9 orc sorcerers
  13 ugly things
  11 fauns
  15 salamanders
  18 cyclopes
  12 manticores
  10 guardian serpents
  10 elephants
  4 kobold blastminers
  34 black mambas
  3 water nymphs
  3 merfolk sirens
  2 torpor snails
  4 gargoyles
  15 naga magi
  Maggie (D:7)
  14 cane toads
  8 rime drakes
  2 centaur skeletons (D:15)
  Jeremiah (D:7)
  5 unseen horrors
  8 komodo dragons
  2 freezing wraiths
  4 tengu conjurers
  3 polar bears
  7 merfolk
  14 trolls
  A wolf spider simulacrum (D:15)
  A wind drake (Shoals:1)
  4 snapping turtles
  9 blink frogs
  9 dream sheep
  Sigmund (D:3)
  2 centaur simulacra
  9 slime creatures
  2 shadows (D:12)
  A vampire (D:11)
  2 wraiths (D:12)
  5 water elementals
  62 yaks
  10 wyverns
  5 basilisks
  A human (D:9)
  Menkaure (D:4)
  6 wargs
  5 vampire mosquitoes
  3 steam dragons
  43 nagas
  2 hell hounds (Lair:5)
  2 acid dragons
  26 water moccasins
  2 ice beasts
  32 orc warriors
  3 black bears
  A black bear (shapeshifter) (D:13)
  19 centaurs
  3 ogres
  14 wolves
  5 kobold brigands
  13 bullfrogs
  6 scorpions
  2 gnoll sergeants
  5 wights (D:9)
  7 killer bees (D:9)
  A vampire bat (D:3)
  5 howler monkeys
  2 electric eels
  9 hounds
  17 orc priests
  8 jellies
  A gnoll bouda (D:6)
  5 iguanas
  2 sleepcaps
  Terence (D:3)
  37 orc wizards
  12 hell rats
  A boggart skeleton (D:15)
  6 adders
  10 gnolls
  3 shadow imps
  4 white imps
  2 ufetubi (D:7)
  5 worms
  3 fire bats (D:3)
  81 orcs
  2 spectral bats (D:3)
  3 bat skeletons (D:3)
  A bat zombie (D:3)
  5 endoplasms
  5 giant cockroaches
  7 hobgoblins
  3 quokkas
  5 ball pythons
  10 bats
  A bat simulacrum (D:3)
  4 frilled lizards
  3 goblins
  35 kobolds
  8 rats
  6 boulders
  2 fulminant prisms
1079 creatures vanquished.

Vanquished Creatures (collateral kills)
  2 naga sharpshooters (Snake:1)
  A gargoyle (D:12)
  An orc (Orc:1)
  52 boulders
56 creatures vanquished.

Vanquished Creatures (others)
  A centaur warrior (D:12)
  A boulder beetle (D:12)
  A wolf spider (D:12)
  A naga mage (Snake:2)
  2 dancing weapons (Snake:1)
  An acid dragon (D:12)
  An orc (Orc:2)
  39 boulders
  913 fulminant prisms
960 creatures vanquished.

Grand Total: 2095 creatures vanquished

Notes
Turn   | Place    | Note
-------+----------+-------------------------------------------
     0 | D:1      | Nuninul the Felid Conjurer began the quest for the Orb.
     0 | D:1      | Reached XP level 1. HP: 9/9 MP: 4/4
   398 | D:1      | Reached skill level 4 in Conjurations
   440 | D:1      | Reached XP level 2. HP: 13/13 MP: 4/6
   455 | D:1      | Learned a level 2 spell: Searing Ray
   592 | D:1      | Found a faded altar of an unknown god.
  1362 | D:2      | Reached XP level 3. HP: 16/16 MP: 4/7
  1996 | D:3      | Found Jipsadgho's Armour Boutique.
  2073 | D:3      | Noticed Terence
  2598 | D:3      | Reached skill level 5 in Conjurations
  2642 | D:3      | Killed from afar by an orc priest
  2669 | D:3      | Reached skill level 1 in Hexes
  2687 | D:3      | Reached skill level 2 in Hexes
  2687 | D:3      | Reached XP level 4. HP: 21/21 MP: 3/8
  2698 | D:3      | Reached skill level 3 in Hexes
  2723 | D:3      | Learned a level 4 spell: Fulminant Prism
  3036 | D:3      | Killed Terence
  3037 | D:3      | Reached skill level 4 in Hexes
  3037 | D:3      | Reached XP level 5. HP: 24/24 MP: 0/9
  3153 | D:3      | Noticed Sigmund
  3536 | D:4      | Found an ornate altar of the Wu Jian Council.
  3537 | D:4      | Found a blossoming altar of Fedhas.
  3666 | D:4      | Reached skill level 5 in Hexes
  3879 | D:4      | Noticed Menkaure
  4060 | D:3      | Killed Sigmund
  4061 | D:3      | Reached skill level 6 in Hexes
  4061 | D:3      | Reached skill level 7 in Hexes
  4061 | D:3      | Gained mutation: You are covered in thick fur. (AC +2)
                  | [Felid growth]
  4061 | D:3      | Reached XP level 6. HP: 28/28 MP: 3/11
  4147 | D:3      | Reached skill level 3 in Spellcasting
  4147 | D:3      | Reached skill level 1 in Translocations
  4342 | D:3      | Reached skill level 2 in Translocations
  4348 | D:3      | Learned a level 4 spell: Iskenderun's Mystic Blast
  4568 | D:3      | Reached skill level 3 in Translocations
  4655 | D:5      | Entered Level 5 of the Dungeon
  4680 | D:5      | Found a staircase to the Ecumenical Temple.
  4689 | Temple   | Entered the Ecumenical Temple
  4696 | Temple   | Became a worshipper of Sif Muna the Loreminder
  4725 | D:5      | Reached skill level 4 in Translocations
  4725 | D:5      | Reached XP level 7. HP: 26/32 MP: 1/12
  5188 | D:5      | Reached skill level 5 in Translocations
  5286 | D:5      | Reached skill level 6 in Translocations
  5694 | D:5      | Reached skill level 7 in Translocations
  5786 | D:5      | Got the Vellum of the Shift and the Evil Eye
  6063 | D:6      | Reached skill level 8 in Hexes
  6252 | D:6      | Reached skill level 8 in Translocations
  6252 | D:6      | Reached XP level 8. HP: 36/36 MP: 0/13
  6468 | D:6      | Reached * piety under Sif Muna
  6598 | D:5      | Reached skill level 9 in Hexes
  6598 | D:5      | Reached skill level 9 in Translocations
  6804 | D:6      | Reached skill level 4 in Spellcasting
  7739 | D:6      | Reached skill level 10 in Hexes
  7739 | D:6      | Reached skill level 10 in Translocations
  7917 | D:6      | Reached skill level 1 in Invocations
  8133 | D:6      | Reached ** piety under Sif Muna
  8151 | D:6      | Reached skill level 2 in Invocations
  8300 | D:4      | Killed Menkaure
  8301 | D:4      | Reached XP level 9. HP: 39/39 MP: 4/16
  8451 | D:4      | Reached skill level 3 in Invocations
  8659 | D:7      | Noticed Jeremiah
  8670 | D:7      | Reached skill level 1 in Fighting
  8675 | D:7      | Killed Jeremiah
  8676 | D:7      | Reached skill level 3 in Fighting
  8676 | D:7      | Reached skill level 3 in Dodging
  8889 | D:7      | Noticed Maggie
  9250 | D:7      | Killed Maggie
  9251 | D:7      | Reached skill level 5 in Spellcasting
  9403 | D:7      | Reached skill level 4 in Invocations
  9475 | D:7      | Found a glowing silver altar of Zin.
  9543 | D:7      | Reached skill level 5 in Invocations
 10179 | D:7      | Found Basit's Mail-Order Catalogue.
 10192 | D:7      | You fall into a shaft and drop 3 floors!
 10192 | D:10     | Entered Level 10 of the Dungeon
 10278 | D:10     | Learned a level 3 spell: Stone Arrow
 10291 | D:9      | Reached skill level 6 in Invocations
 10304 | D:9      | Noticed a troll
 10315 | D:9      | HP: 1/44 [warg (16)]
 10322 | D:9      | Reached skill level 7 in Invocations
 10322 | D:9      | Demolished by a warg
 10331 | D:9      | Noticed a troll
 10369 | D:9      | Killed a troll
 10370 | D:9      | Reached XP level 10. HP: 26/49 MP: 6/18
 10997 | D:7      | Upgraded the game from 0.31-a0-1291-g5386780bc2 to
                  | 0.31-a0-1301-g7e11add784
 11063 | D:6      | Reached skill level 8 in Invocations
 11684 | D:8      | Found a staircase to the Lair.
 12001 | D:8      | Found a hide-covered altar of Uskayaw.
 12271 | D:9      | Reached skill level 9 in Invocations
 12368 | D:9      | Reached *** piety under Sif Muna
 12704 | D:9      | Reached skill level 6 in Conjurations
 13017 | D:9      | Reached skill level 7 in Conjurations
 13465 | D:9      | Found a staircase to the Orcish Mines.
 13701 | D:9      | Found Kakkirr's Antique Weapon Shop.
 13720 | D:9      | Reached skill level 8 in Conjurations
 13988 | D:10     | Found a stormy altar of Qazlal.
 14788 | D:11     | Reached XP level 11. HP: 52/52 MP: 14/19
 15171 | D:11     | Found Ally's Armour Shoppe.
 15475 | D:11     | Noticed a purple ugly thing
 15491 | D:11     | Killed a purple ugly thing
 15492 | D:11     | Reached skill level 9 in Conjurations
 15629 | D:11     | Reached skill level 4 in Fighting
 16004 | D:11     | Noticed a two-headed ogre
 16018 | D:11     | Killed a two-headed ogre
 16019 | D:11     | Reached skill level 3 in Evocations
 16828 | D:12     | Found Lamihe's Jewellery Boutique.
 16829 | D:12     | Found Dut Epley's Antique Armour Boutique.
 16832 | D:12     | Found Lawnein's Antique Armour Boutique.
 16855 | D:12     | Reached skill level 6 in Spellcasting
 16862 | D:12     | Noticed a centaur warrior
 16928 | D:12     | Noticed a wolf spider
 16951 | D:12     | Reached skill level 7 in Spellcasting
 16954 | D:12     | Killed from afar by a gargoyle
 16956 | D:12     | Reached skill level 1 in Earth Magic
 16980 | D:12     | Reached skill level 2 in Earth Magic
 16984 | D:12     | HP: 1/81 [gargoyle/stone arrow (18)]
 16987 | D:12     | Reached skill level 3 in Earth Magic
 17002 | D:12     | Noticed a two-headed ogre
 17005 | D:12     | Killed a two-headed ogre
 17006 | D:12     | Reached skill level 4 in Earth Magic
 17013 | D:12     | Noticed a red ugly thing
 17014 | D:12     | Reached skill level 5 in Earth Magic
 17018 | D:12     | Killed a red ugly thing
 17021 | D:12     | Noticed a boulder beetle
 17022 | D:12     | Noticed a boulder beetle
 17050 | D:12     | Gained mutation: Your thick and shaggy fur keeps you warm.
                  | (AC +3, rC+) [Felid growth]
 17050 | D:12     | Reached XP level 12. HP: 25/59 MP: 24/24
 17107 | D:12     | Noticed a two-headed ogre
 17117 | D:12     | Killed a two-headed ogre
 17118 | D:12     | Reached skill level 8 in Spellcasting
 17151 | D:12     | Mangled by a boulder beetle
 17169 | D:12     | Learned a level 1 spell: Sting
 17203 | D:12     | Learned a level 2 spell: Blink
 17208 | D:12     | Learned a level 4 spell: Brom's Barrelling Boulder
 17283 | D:12     | Killed a boulder beetle
 17401 | D:12     | Noticed a walking divine tome
 17408 | D:12     | Found Hugawn's Distillery.
 17411 | D:12     | Found Bemmesoa's Book Shoppe.
 17480 | D:12     | Bought a potion of haste for 160 gold pieces
 17480 | D:12     | Bought a potion of heal wounds for 80 gold pieces
 17480 | D:12     | Noticed a walking earthen tome
 17695 | D:13     | Reached skill level 9 in Spellcasting
 17828 | D:13     | Noticed a centaur warrior
 17907 | D:8      | Upgraded the game from 0.31-a0-1301-g7e11add784 to
                  | 0.31-a0-1309-gbf3fed316f
 17997 | Lair:1   | Entered Level 1 of the Lair of Beasts
 18253 | Lair:1   | Reached skill level 10 in Spellcasting
 18253 | Lair:1   | Reached skill level 1 in Shapeshifting
 18265 | Lair:1   | Reached skill level 2 in Shapeshifting
 18460 | Lair:1   | Reached **** piety under Sif Muna
 18461 | Lair:1   | Reached skill level 3 in Shapeshifting
 18564 | Lair:1   | Reached skill level 4 in Shapeshifting
 19018 | Lair:1   | Reached skill level 5 in Shapeshifting
 19606 | Lair:2   | Reached skill level 6 in Shapeshifting
 19810 | Lair:2   | Noticed a death yak
 19811 | Lair:2   | Noticed a death yak
 19812 | Lair:2   | Noticed a death yak
 19812 | Lair:2   | Noticed a death yak
 19828 | Lair:1   | Killed a death yak
 19957 | Lair:2   | Noticed a death yak
 20100 | Lair:2   | Reached XP level 13. HP: 63/63 MP: 10/28
 20127 | Lair:2   | Reached skill level 7 in Shapeshifting
 20575 | Lair:2   | Found a staircase to the Snake Pit.
 20660 | Lair:2   | Found a staircase to the Shoals.
 20680 | Lair:2   | Reached skill level 8 in Shapeshifting
 21333 | Lair:3   | Found a glowing silver altar of Zin.
 21931 | Lair:3   | Reached skill level 9 in Shapeshifting
 22968 | Lair:3   | Reached skill level 10 in Shapeshifting
 23565 | Lair:3   | Learned a level 3 spell: Tukima's Dance
 23770 | Lair:4   | You fall into a shaft and drop 1 floor!
 23770 | Lair:5   | Entered Level 5 of the Lair of Beasts
 23770 | Lair:5   | Found a staircase to the Slime Pits.
 24232 | Lair:5   | Reached skill level 11 in Shapeshifting
 24947 | Lair:5   | Reached XP level 14. HP: 67/67 MP: 13/29
 25395 | Lair:5   | Reached ***** piety under Sif Muna
 25700 | Lair:5   | Reached skill level 12 in Shapeshifting
 27089 | Lair:4   | Reached skill level 13 in Shapeshifting
 29481 | Lair:5   | Reached skill level 14 in Shapeshifting
 29930 | Lair:5   | Received a gift from Sif Muna
 30001 | Lair:5   | Got Sif Muna's Exposition on Imprecation and Fever {god
                  | gift}
 30655 | D:12     | Bought a granite talisman for 840 gold pieces
 30864 | D:13     | Noticed a sphinx
 30878 | D:13     | Killed a sphinx
 31396 | D:13     | Reached XP level 15. HP: 71/71 MP: 4/30
 31940 | D:13     | Reached skill level 15 in Shapeshifting
 32141 | D:13     | Found a gate to the Vaults.
 32472 | D:13     | Found Ihulof's Jewellery Boutique.
 33419 | D:14     | Found a bloodstained altar of Trog.
 33661 | D:15     | Entered Level 15 of the Dungeon
 34006 | D:15     | Reached skill level 16 in Shapeshifting
 34161 | D:12     | Bought a ring of protection from fire for 350 gold pieces
 34508 | D:15     | Reached skill level 6 in Earth Magic
 34565 | D:15     | Received a gift from Sif Muna
 34818 | D:15     | Reached skill level 7 in Earth Magic
 35214 | D:15     | Found a staircase to the Depths.
 35603 | D:15     | Upgraded the game from 0.31-a0-1309-gbf3fed316f to
                  | 0.31-a0-1327-g8c40ea976f
 35609 | D:15     | Learned a level 5 spell: Irradiate
 35741 | Orc:1    | Entered Level 1 of the Orcish Mines
 35963 | Orc:1    | Reached skill level 10 in Conjurations
 35964 | Orc:1    | Noticed Sonja
 36050 | Orc:1    | Killed Sonja
 36315 | Orc:1    | Found Meij's Distillery.
 36522 | Orc:1    | Reached skill level 1 in Alchemy
 36617 | Orc:1    | Reached skill level 2 in Alchemy
 37095 | Orc:1    | Reached skill level 3 in Alchemy
 37357 | Orc:1    | Found Taahur's Magic Scroll Boutique.
 37360 | Orc:1    | Bought a scroll of fog for 56 gold pieces
 37464 | Orc:2    | Entered Level 2 of the Orcish Mines
 37633 | Orc:2    | Reached skill level 8 in Earth Magic
 37699 | Orc:2    | Noticed Snorg
 37784 | Orc:1    | Reached XP level 16. HP: 56/75 MP: 14/31
 38325 | Orc:1    | Received a gift from Sif Muna
 38333 | Orc:1    | Learned a level 5 spell: Iskenderun's Battlesphere
 38422 | Orc:1    | Learned a level 6 spell: Bombard
 38433 | Orc:1    | Killed Snorg
 39159 | Orc:2    | Reached skill level 11 in Spellcasting
 39416 | Orc:2    | Found Nimavvay's General Store.
 39419 | Orc:2    | Found Mimenkih's Antique Armour Boutique.
 39497 | Orc:2    | Found Niryus's Antique Weapon Shop.
 39568 | Orc:2    | Found Riceo's Distillery.
 39597 | Orc:2    | Found a staircase to the Elven Halls.
 39629 | Orc:2    | Found Focluad's Jewellery Emporium.
 40008 | Orc:2    | Bought a potion of curing for 48 gold pieces
 40180 | Snake:1  | Entered Level 1 of the Snake Pit
 40370 | Snake:1  | Found Cunn's Weapon Shoppe.
 40419 | Snake:2  | Noticed Vashnia
 40458 | Snake:2  | Reached skill level 9 in Earth Magic
 40476 | Snake:2  | Shot with a bolt by Vashnia
 40863 | Snake:1  | Reached skill level 10 in Earth Magic
 41450 | Snake:1  | Reached skill level 11 in Earth Magic
 43539 | Snake:2  | Shot with a bolt by Vashnia
 43550 | Snake:2  | Learned a level 2 spell: Passwall
 43560 | Snake:2  | You fall into a shaft and drop 1 floor!
 43601 | Snake:4  | Entered Level 4 of the Snake Pit
 43615 | Snake:4  | Reached skill level 12 in Earth Magic
 44193 | Snake:3  | Found a snail-covered altar of Cheibriados.
 44218 | Snake:3  | Found Woinahun's General Store.
 44221 | Snake:3  | Found Sinegg's Magic Scroll Shop.
 44221 | Snake:3  | Found Ymaxah's Magic Scroll Boutique.
 44227 | Snake:3  | Found Zowuz's Assorted Antiques.
 44232 | Snake:3  | Bought a scroll of teleportation for 45 gold pieces
 44319 | Snake:3  | Reached XP level 17. HP: 79/79 MP: 7/33
 44478 | Snake:3  | Reached skill level 13 in Earth Magic
 44571 | Snake:3  | Noticed Donald
 44576 | Snake:3  | Killed Donald
 45465 | Snake:4  | Found a shimmering altar of Xom.
 45681 | Snake:4  | Reached skill level 14 in Earth Magic
 45855 | Snake:4  | Received a gift from Sif Muna
 45861 | Snake:4  | Got Sif Muna's Treatise on Last Rites and the Tundra {god
                  | gift}
 46624 | Snake:4  | Reached skill level 15 in Earth Magic
 47709 | Snake:4  | Reached skill level 16 in Earth Magic
 48547 | Snake:4  | Reached skill level 12 in Spellcasting
 48554 | Snake:4  | Reached XP level 18. HP: 84/84 MP: 0/35
 48941 | Snake:4  | Got the Incunabulum of Zombies
 49075 | Snake:4  | Got a serpentine rune of Zot
 49231 | Lair:2   | Learned a level 5 spell: Borgnjor's Vile Clutch
 49280 | Shoals:1 | Entered Level 1 of the Shoals
 49285 | Shoals:1 | Noticed Frances
 49380 | Lair:2   | Killed Frances
 49447 | Shoals:1 | Reached skill level 1 in Necromancy
 49758 | Shoals:1 | Reached skill level 2 in Necromancy
 49962 | Shoals:1 | Reached skill level 3 in Necromancy
 50093 | Shoals:1 | Found a hazy altar of Hepliaklqana.
 50193 | Shoals:1 | Reached skill level 13 in Spellcasting
 50390 | Shoals:1 | Noticed Mlioglotl
 50397 | Shoals:1 | Killed Mlioglotl
 50398 | Shoals:1 | Reached skill level 4 in Dodging
 50669 | Shoals:2 | Reached skill level 5 in Dodging
 51449 | Shoals:2 | Reached skill level 10 in Invocations
 52023 | Shoals:3 | Received a gift from Sif Muna
 52025 | Shoals:3 | HP: 3/109 [manticore (6)]
 52027 | Shoals:3 | Killed from afar by a manticore

Illustrated notes

Levels and vault maps discovered:
D:1:      minmay_arrival_hallway, layout_loops_ring,
          shapermc_ecumenical_altar_mp_urbaneastern
D:2:      layout_basic, grunt_ministairs_10
D:3:      layout_loops_ring, serial_shops,
          nicolae_shop_temple_entry_statues_fountains, goddamned_bats,
          uniq_terence, uniq_sigmund
D:4:      layout_gridville, gammafunk_temple_overflow_statue, feat_on_display,
          uniq_menkaure
D:5:      layout_cave_pools, minmay_temple_entry_purple_smoke, serial_library,
          serial_library_hellmonk_narrow_alcove,
          serial_library_regret_index_headful,
          serial_library_hellmonk_secret_room,
          serial_library_hellmonk_reading_circle,
          serial_library_regret_index_branch_corner,
          serial_library_hellmonk_small_corner,
          serial_library_regret_index_multi, corexii_corridor_pit
D:6:      minmay_octagon_keep, layout_loops_cross, minmay_circle_x
D:7:      layout_layer_cave, amcnicky_altar_gilded, nrook_loot_triangle,
          monkooky_shop_mail_order, uniq_jeremiah, uniq_maggie
D:8:      layout_basic, nicolae_uskayaw_murder_on_the_dancefloor,
          dpeg_oklobed_lair
D:9:      layout_irregular_city, erik_orc_4, serial_shops, nicolae_shop_crystal
D:10:     layout_long_grid, mainiacjoe_overflow_alcove_2
D:11:     layout_grid_maze, serial_shops, nicolae_shop_tiny_glass
D:12:     minmay_ornate_pinched, layout_rooms, serial_shops, shop,
          nicolae_shop_crystal, shop, nicolae_shop_mannequins, shop
D:13:     layout_roguey, david_vaults_1, serial_shops, shop, minmay_evil_grid
D:14:     layout_cave_pools, minmay_misc_feat_iff, tgw_trog
D:15:     grunt_enter_depths_magical_seal, layout_loops_ring
Temple:   sentei_temple_godly_chess
Lair:1:   layout_regular_city, infiniplex_staircase_pool
Lair:2:   layout_loops_ring, minmay_shoals_entry_centaurs,
          minmay_snake_entry_six_corridors
Lair:3:   layout_cave_pods, basic_altar, beast_lair_carwin_3
Lair:4:   layout_regular_city, serial_rivers, chequers_serial_rivers_room_a,
          chequers_serial_rivers_room_a, chequers_serial_rivers_small_a,
          chequers_serial_rivers_micro_c, beast_lair_carwin_9,
          grunt_megastairs_1
Lair:5:   evilmike_catoblepas_cave, layout_cave_pods,
          nicolae_slime_entry_field_trip, special_room
          [special_room_mythical_zoo]
Shoals:1: layout_shoals, lemuel_centaur_altar, uniq_mlioglotl, uniq_frances
Shoals:2: cheibrodos_shoals_baths, layout_shoals, st_cyclops
Shoals:3: layout_shoals
Snake:1:  nicolae_snake_shooting_gallery, layout_concentric_octagons,
          serial_shops, nicolae_shop_crystal
Snake:2:  layout_onion_interference, nicolae_snake_snake_lake, st_stairs_4,
          nicolae_snake_snakewalk, uniq_aizul, uniq_jorgrun, uniq_vashnia
Snake:3:  layout_gridlike, basic_altar, guppyfry_library_mini, minmay_shoptagon,
          uniq_donald
Snake:4:  grunt_snake_rune_spirals, layout_concentric_octagons, basic_altar
Orc:1:    layout_diamond_mine, serial_shops, nicolae_shop_rolled_up,
          special_room [special_room_orc], guppyfry_orc_lava_fort, uniq_sonja
Orc:2:    grunt_orc_gardens, layout_caves, grunt_orc_garden, grunt_orc_garden,
          grunt_orc_garden, grunt_orc_garden, serial_shops,
          nicolae_shop_tiny_statue_garden, uniq_snorg

Skill      XL: |  1  2  3  4  5  6  7  8  9 10 11 12 13 14 15 16 17 18 |
---------------+-------------------------------------------------------+-----
Conjurations   | 4 5 8 9 10 | 10.0
Hexes          | 2 4 7 8 10 | 10.0
Spellcasting   | 3 4 5 7 10 11 12 13 | 13.0
Translocations | 4 8 10 | 10.0
Invocations    | 2 7 9 10 | 10.8
Fighting       | 3 4 |  4.8
Dodging        | 3 5 |  5.7
Evocations     | 3 |  3.0
Earth Magic    | 5 8 12 16 | 16.0
Shapeshifting  | 6 11 14 16 | 16.0
Alchemy        | 3 |  3.0
Necromancy     | 3 |  3.0
Stealth        | |  2.6

Action                     |  1- 3 |  4- 6 |  7- 9 | 10-12 | 13-15 | 16-18 || total
---------------------------+-------+-------+-------+-------+-------+-------++-------
  Melee: Unarmed           |     3 |     1 |       |     6 |    68 |    62 ||   140
         Bite              |       |       |       |     1 |     9 |     7 ||    17
         Constrict         |       |       |       |       |     3 |       ||     3
   Cast: Magic Dart        |    66 |    64 |    62 |    41 |    43 |   467 ||   743
         Searing Ray       |    10 |    11 |    40 |    30 |    29 |     3 ||   123
         Fulminant Prism   |       |     4 |    60 |   207 |   468 |   179 ||   918
         Iskenderun's Myst |       |       |    11 |    39 |    84 |   110 ||   244
         Stone Arrow       |       |       |       |    12 |   133 |    85 ||   230
         Brom's Barrelling |       |       |       |    24 |    89 |    17 ||   130
         Blink             |       |       |       |       |     9 |    13 ||    22
         Sting             |       |       |       |       |     2 |       ||     2
         Iskenderun's Batt |       |       |       |       |       |   258 ||   258
         Bombard           |       |       |       |       |       |   128 ||   128
         Tukima's Dance    |       |       |       |       |       |    24 ||    24
         Borgnjor's Vile C |       |       |       |       |       |     1 ||     1
 Invoke: Channel Magic     |       |       |     4 |    17 |    15 |    17 ||    53
Ability: Begin Untransform |       |       |       |       |     2 |     1 ||     3
  Evoke: Wand              |       |       |     3 |    10 |       |       ||    13
         Lightning rod     |       |       |       |       |       |     3 ||     3
    Use: Scroll            |     2 |     3 |     4 |     6 |     8 |     9 ||    32
         Potion            |     1 |       |     1 |     4 |     1 |     7 ||    14
 Armour: Skin              |     4 |    15 |    23 |    46 |   215 |   805 ||  1108
  Dodge: Dodged            |     4 |    34 |    32 |    81 |   279 |   800 ||  1230
  Block: Other             |     1 |    10 |    15 |     2 |       |       ||    28
         Reflection        |       |       |     1 |       |       |       ||     1
   Form: Serpent           |       |       |       |       |     2 |       ||     2
         Statue            |       |       |       |       |     2 |     1 ||     3

Table legend: (Time is in decaauts)
 A = Elapsed time spent in this place.
 B = Non-inter-level travel time spent in this place.
 C = Inter-level travel time spent in this place.
 D = Time resting spent in this place.
 E = Time spent auto-exploring this place.
 F = Levels seen in this place.
 G = Mean time per level.
                   A        B        C        D        E       F      G
               +--------+--------+--------+--------+--------+-----+--------+
         Total |  62410 |  44221 |  18189 |  24386 |      0 |  30 | 2080.3 |
       Dungeon |  26454 |  17529 |   8925 |   9572 |      0 |  15 | 1763.6 |
        Temple |     14 |     14 |      0 |      0 |      0 |   1 |   14.0 |
          Lair |  12662 |   8987 |   3675 |   4972 |      0 |   5 | 2532.4 |
        Shoals |   3770 |   3352 |    418 |   1329 |      0 |   3 | 1256.7 |
     Snake Pit |  13541 |  10196 |   3345 |   6147 |      0 |   4 | 3385.2 |
  Orcish Mines |   5968 |   4144 |   1824 |   2365 |      0 |   2 | 2984.0 |
               +--------+--------+--------+--------+--------+-----+--------+

Top non-repeatable levels by time:
 Snake:4: 6350 daAuts
 Snake:1: 4557 daAuts
   Orc:1: 4456 daAuts
  Lair:5: 4398 daAuts
    D:13: 2887 daAuts
    D:15: 2599 daAuts
     D:9: 2472 daAuts
  Lair:4: 2352 daAuts
     D:6: 2339 daAuts
  Lair:3: 2322 daAuts
 Snake:3: 2283 daAuts
    D:11: 2140 daAuts
     D:7: 1963 daAuts
  Lair:2: 1947 daAuts
Shoals:1: 1865 daAuts
